 Dungeon Crawl Stone Soup version 0.27.1-35-g4d5d836560 (webtiles) character file.

Game seed: 4166192785029607883

129 Romesagentofchaos the Poker (level 4, -1/34 HPs)
             Began as a Demonspawn Gladiator on Aug 3, 2022.
             Slain by an orc (9 damage)
             ... on level 3 of the Dungeon.
             The game lasted 00:10:58 (1938 turns).

Romesagentofchaos the Poker (Demonspawn Gladiator)  Turns: 1938, Time: 00:10:59

Health: -1/34      AC:  3    Str: 14      XL:     4   Next: 88%
Magic:  4/4        EV: 12    Int:  6 (7)  God:
Gold:   42         SH:  0    Dex: 13 (16) Spells: 3/3 levels left

rFire    . . .     SeeInvis .   f - +7 rapier of Wyrd {vorpal, rElec rF+ rN++ rCorr Int-2}
rCold    + + +     Faith    .   (no shield)
rNeg     + + .     Spirit   .   b - +0 leather armour
rPois    .         Reflect  .   c - +0 helmet
rElec    +         Harm     .   (no cloak)
rCorr    +         Rampage  .   h - +0 pair of gloves
Will     .....                  (no boots)
Stlth    +.........             (no amulet)
HPRegen  0.11/turn              g - ring of ice
MPRegen  0.09/turn              j - ring of protection from cold

@: no status effects
A: demonic guardian 1, cold resistance 1, deformed body
a: no special abilities


You were on level 3 of the Dungeon.
You visited 1 branch of the dungeon, and saw 3 of its levels.

You collected 42 gold pieces.

Inventory:

Hand Weapons
 a - a +1 trident
 f - the +7 rapier of Wyrd (weapon) {vorpal, rElec rF+ rN++ rCorr Int-2}
   (You acquired it on level 1 of the Dungeon)

   It inflicts extra damage upon your enemies.
   Int:       It affects your intelligence (-2).
   rF:        It protects you from fire.
   rElec:     It insulates you from electricity.
   rN:        It greatly protects you from negative energy.
   rCorr:     It protects you from acid and corrosion.
Missiles
 d - 2 throwing nets (quivered)
Armour
 b - a +0 leather armour (worn)
 c - a +0 helmet (worn)
 h - a +0 pair of gloves (worn)
Jewellery
 g - a ring of ice (left hand)
 j - a ring of protection from cold (right hand)
Scrolls
 i - 2 scrolls of teleportation


   Skills:
 + Level 2.6 Fighting
 + Level 1.9 Short Blades
 + Level 3.3 Polearms
 + Level 1.8 Throwing
 + Level 1.6 Armour
 + Level 3.1 Dodging
 + Level 0.3 Stealth


You had 3 spell levels left.
You didn't know any spells.
Your spell library was empty.

Dungeon Overview and Level Annotations

Branches:
Dungeon (3/15)

Altars:
Kikubaaqudgha


Innate Abilities, Weirdness & Mutations

A weak demonic guardian rushes to your aid.
Your flesh is cold resistant. (rC+)
Armour fits poorly on your strangely shaped body.


Message History

Things that are here:
a +0 flail; a +0 leather armour; an orc corpse You closely miss the orc priest.
The orc barely misses you. The orc priest hits you with a +0 whip.
You hit the orc priest.
The orc priest is moderately wounded.
The orc closely misses you.
The orc priest casts a cantrip, but nothing happens.
You barely miss the orc priest.
The orc priest is moderately wounded.
The orc hits you with a +0 flail!
The orc priest mumbles some strange prayers to Beogh against you.
Pain shoots through your body!
You barely miss the orc priest.
The orc priest is moderately wounded.
The orc misses you.
The orc priest mumbles some strange prayers to Beogh against you.
Beogh smites you!
* * * LOW HITPOINT WARNING * * *
A demonic guardian appears!
You feel much better. The orc closely misses you.
The orc priest calls down the wrath of Beogh upon you.
Beogh smites you!
Your shadow imp barely misses the orc.
You puncture the orc priest!
The orc priest is almost dead.
The orc barely misses you.
The orc priest invokes the aid of Beogh against you.
You barely resist.
Your shadow imp hits the orc.
You barely miss the orc priest.
The orc priest is almost dead.
The orc hits you with a +0 flail.
* * * LOW HITPOINT WARNING * * *
The orc priest closely misses you.
Your shadow imp gestures at the orc.
The orc barely resists.
The orc barely misses you.
You puncture the orc priest!
You kill the orc priest!
Your shadow imp completely misses the orc.
The orc hits you with a +0 flail!
You die...

#.#
########.#
#.#
.........#
#.#
.######..#
#.# ##
#..# ..
#..# #(
#..# #.
#..#
#.###..#
#)@....#
#.o##.##
...5.##.#
#####.##.#
#.##..
#.#### #.#
#.#


You could see an orc (ally target) and a friendly shadow imp (summoned).

Vanquished Creatures
  2 orc priests (D:3)
  4 adders
  2 worms
  2 dart slugs (D:3)
  8 endoplasms
  3 giant cockroaches
  6 hobgoblins
  A jackal (D:2)
  A quokka (D:1)
  4 ball pythons
  4 bats
  2 frilled lizards
  4 goblins
  4 kobolds
  6 rats
53 creatures vanquished.

Vanquished Creatures (collateral kills)
  4 jackals (D:2)
4 creatures vanquished.

Vanquished Creatures (others)
  2 plants (D:1)
2 creatures vanquished.

Grand Total: 59 creatures vanquished

Notes
Turn   | Place    | Note
-------+----------+-------------------------------------------
     0 | D:1      | Romesagentofchaos the Demonspawn Gladiator began the quest
                  | for the Orb.
     0 | D:1      | Reached XP level 1. HP: 16/16 MP: 1/1
   151 | D:1      | Gained mutation: A weak demonic guardian rushes to your
                  | aid. [demonic ancestry]
   151 | D:1      | Reached XP level 2. HP: 22/22 MP: 2/2
   419 | D:1      | Identified a scroll of acquirement
   419 | D:1      | Acquired the +7 rapier of Wyrd {vorpal, rElec rF+ rN++
                  | rCorr Int-2}
   539 | D:1      | Gained mutation: Armour fits poorly on your strangely
                  | shaped body. [potion of mutation]
   539 | D:1      | Gained mutation: Your flesh is cold resistant. (rC+)
                  | [potion of mutation]
   875 | D:2      | Reached XP level 3. HP: 23/28 MP: 3/3
  1038 | D:2      | Reached skill level 1 in Short Blades
  1252 | D:2      | Reached XP level 4. HP: 34/34 MP: 4/4
  1307 | D:2      | Found a faded altar of an unknown god.
  1683 | D:3      | Found an ancient bone altar of Kikubaaqudgha.
  1930 | D:3      | Reached skill level 1 in Armour
  1938 | D:3      | Slain by an orc

Illustrated notes

Levels and vault maps discovered:
D:1:      lemuel_arrival_rhombus, layout_rooms, serial_bayou_pond_c
D:2:      wad_river_or_something, layout_loops_ring,
          shapermc_ecumenical_altar_pompeii
D:3:      layout_loops_ring, mainiacjoe_overflow_paths, cheibrodos_worm_habitat,
          minmay_cupped

Skill      XL: |  1  2  3  4 |
---------------+-------------+-----
Dodging        | 3 |  3.1
Polearms       | 3 |  3.3
Short Blades   | 1 |  1.9
Armour         | 1 |  1.6
Fighting       | |  2.6
Throwing       | |  1.8
Stealth        | |  0.3

Action                   |  1- 3 |  4- 6 || total
-------------------------+-------+-------++-------
Melee: Trident           |    42 |       ||    42
       Rapier            |    36 |    44 ||    80
Throw: Throwing net      |     1 |       ||     1
  Use: Scroll            |     4 |     3 ||     7
       Potion            |     4 |     2 ||     6
 Stab: Sleeping          |     1 |       ||     1
Armor: Leather armour    |    30 |     9 ||    39
Dodge: Dodged            |    65 |    30 ||    95
